Match 47231727
Unlisted

Match 47231727
End
Construct Barracks
Riflemen Squad
Riflemen Squad
Riflemen Squad
Grenade Package
Construct Weapon Support Center
M1919 Machine Gun Team
Mechanized Support Center
M3 Armored Personnel Carrier
Engineer Squad
M3 Armored Personnel Carrier
Designate Forward Repair Station
Construct Tank Depot
.30 cal Machine Gun
M3 Armored Personnel Carrier
M1918 Browning Automatic Rifles
Bazooka Squad
Selects Special Operations Battlegroup
Selects M29 Weasel with M1 Pack Howitzer
Selects P-47 Anti-Infantry Loiter
Selects UNKNOWN (2162291)
Bazooka Squad
Improved M9 Bazooka Rockets
P-47 Anti-Infantry Loiter
Selects Raiding Flares
Selects SSF Commando Squad
M1 Mortar Team
M4A1 Sherman Whizbang
Construct Motor Pool
M4(105) Sherman Bulldozer
P-47 Anti-Infantry Loiter
M29 Weasel with M1 Pack Howitzer
Selects Air Re-supply Operation
Designate Forward Repair Station
M4A1 Sherman Medium Tank
M4A1 76mm Conversion
Oncle-Hô
Zoj
一杆大长枪的爹
Nodarius
lendaxan
pedestraim
0
0

Comments sign in to comment!

No comments posted yet!